 Dungeon Crawl Stone Soup version 0.31-a0-1009-g454b1f1e0a (webtiles) character file.

Game seed: 7357430823415342655

1157 kae the Vexing (level 8, 0/48 (52) HPs)
             Began as a Demonspawn Enchanter on Nov 13, 2023.
             Slain by a gnoll
             ... wielding a +0 halberd
             ... led by a gnoll bouda
              (12 damage)
             ... on level 5 of the Dungeon.
             The game lasted 00:06:27 (5441 turns).

kae the Vexing (Demonspawn Enchanter)               Turns: 5441, Time: 00:06:28

HP:   0/48 (52)     AC:  5    Str: 10    XL:     8   Next: 16%
MP:   11/13         EV: 12    Int: 17    God:
Gold: 228           SH:  0    Dex: 14    Spells: 3/14 levels left

rFire   + . .        l - +1 dagger (venom)
rCold   . . .        (no shield)
rNeg    . . .        b - +0 robe
rPois   .            (no helmet)
rElec   .            (no cloak)
rCorr   .            (no gloves)
SInv    .            (no boots)
Will    .....        (no amulet)
Stlth   +++          F - ring of protection from fire
HPRegen 0.28/turn    (no ring)
MPRegen 0.26/turn

%: no passive effects
@: weakened, drained
A: claws 2, molten scales 2, magic regeneration
a: no special abilities


You were on level 5 of the Dungeon.
You visited 1 branch of the dungeon, and saw 5 of its levels.
You also visited: Sewer.

You collected 228 gold pieces.


Innate Abilities, Weirdness & Mutations

You have very sharp fingernails.
You are mostly covered in molten scales. (AC +3)
You regenerate magic rapidly.


   Skills:
 * Level 4.7 Short Blades
 - Level 1.7 Dodging
 + Level 4.6 Stealth
 + Level 3.8 Spellcasting
 * Level 6.0 Hexes
 + Level 2.8 Ice Magic


You had 3 spell levels left.
You knew the following spells:

 Your Spells              Type           Power      Damage    Failure   Level
a - Ensorcelled Hibernat  Hex/Ice        36%        N/A       4%          2
b - Confusing Touch       Hex            23%        N/A       4%          3
c - Tukima's Dance        Hex            23%        N/A       4%          3
d - Dazzling Flash        Conj/Hex       26%        N/A       14%         3

Your spell library contained the following spells:

 Spells                   Type           Power      Damage    Failure   Level


Inventory:

Hand Weapons
 a - a +3 dagger
 l - a +1 dagger of venom (weapon)
   (You found it on level 4 of the Dungeon)
Missiles
 f - 2 throwing nets {=f!f}
 h - 49 stones
 m - a curare-tipped dart {=f}
 n - 3 javelins
 q - 9 poisoned darts
Armour
 b - a +0 robe (worn)
Jewellery
 F - a ring of protection from fire (left claw)
   (You found it on level 1 of the Dungeon)
Potions
 c - 2 potions of invisibility
 d - 3 potions of heal wounds {@q2}
 e - 3 potions of curing {unknown}
 g - 2 potions of degeneration {!q}
 i - 5 potions of haste {@q3}
 j - a potion of might
 k - 3 potions of mutation {unknown}
 o - 2 potions of magic {unknown}
 p - 3 potions of resistance {unknown}
 s - 2 potions of brilliance {unknown}

Dungeon Overview and Level Annotations

Branches:
Dungeon (5/15) Zot: 25496   Sewer (visited)
 Temple: D:4-7

Altars:
Qazlal
Trog

Shops:
D:4

=
#.........#
######...#
##
#.........#
##......###
##.......##
#..##..##
##.....##
#.....##
#######
##..####
###..##
#....#
#####.##>#
#....@#..#
....####gg##
.#......g##
......g##
.#####g #.
.. .# ..


You could see a gnoll bouda and 2 gnolls.


Message History

You see here a river rat corpse.
You see here a river rat skeleton.
Key pressed, stopping explore.
You enter the shallow water.
Moving in this stuff is going to be slow.
You see here a rat skeleton.
You enter the shallow water.
Moving in this stuff is going to be slow.
You enter the shallow water.
Moving in this stuff is going to be slow.
You enter the shallow water.
Moving in this stuff is going to be slow.
Partly explored, can't reach some places.
Partly explored, can't reach some places.
Partly explored, can't reach some places.
Partly explored, can't reach some places.
As you read the scroll labelled JABLOT GIBE, it crumbles to dust.
You assume a fearsome visage.
Nothing appears to happen.
It was a scroll of fear.
Unknown command.
Okay, then.
You already know all available spells.
Unknown command.
There is a gate leading back out of this place here.
Welcome back to the Dungeon!
There is a collapsed entrance here.
You aren't carrying any scrolls.
Unknown command.
Okay, then.
There is a large open door here.
You enter the shallow water.
Moving in this stuff is going to be slow.
You see here a quokka skeleton.
There is an open door here.
You now have 228 gold pieces (gained 15).
Things that are here:
a +0 flail; a gnoll skeleton
f - 2 throwing nets {=f!f} (gained 1)
A howler monkey is nearby!
A howler monkey is nearby!
A howler monkey is nearby!
The howler monkey howls!
You hear a shout! x2
A howler monkey is nearby!
You hit the howler monkey but do no damage.
The howler monkey is poisoned.
The howler monkey closely misses you.
You closely miss the howler monkey.
A howler monkey is nearby!
You hit the howler monkey but do no damage.
The howler monkey looks as sick as possible!
The howler monkey misses you.
You hit the howler monkey.
The howler monkey looks as sick as possible!
The howler monkey completely misses you.
A howler monkey is nearby!
You closely miss the howler monkey.
The howler monkey hoots and howls with incredible vigour!
You hear a shout! x4; You hear an angry hiss.
You hear a shout! x2
You hit the howler monkey but do no damage.
The howler monkey looks as sick as possible!
The howler monkey hits you but does no damage.
There are monsters nearby!
You hit the howler monkey.
The howler monkey looks as sick as possible!
The howler monkey hits you.
The gnoll bouda barks out a call to the hunt!
You closely miss the howler monkey. Your claw misses the howler monkey.
You kill the howler monkey!
Your Hexes skill increases to level 6! 😕 HP[-6]
You take 6 damage, and now have 46/52 hp.
A gnoll bouda is nearby!
There is a stone staircase leading down, spattered with blood here.
You see here a howler monkey corpse.
There are monsters nearby!
The gnoll bouda hits you with a +2 whip of draining!
You feel drained. The gnoll hits you with a +0 flail!
The gnoll closely misses you.
You are too injured to fight recklessly! 😮 HP[-19]
You now have 50 max hp (-2).
You take 19 damage, and now have 27/50 hp.
MASSIVE DAMAGE!! (PAUSE)
The gnoll bouda gazes fiercely through you!
You feel your attacks grow feeble.
The gnoll bouda hits you with a +2 whip of draining!
* * * LOW HITPOINT WARNING * * *
You feel drained.
* * * LOW HITPOINT WARNING * * *
😱 HP[-15]
You now have 48 max hp (-2).
You take 15 damage, and now have 12/48 hp.
MASSIVE DAMAGE!! (PAUSE)
Casting: Ensorcelled Hibernation (safe; 4% risk of failure)
Confirm with . or Enter, or press ? or * to list all spells.
Aiming: Ensorcelled Hibernation (safe; 4% risk of failure)
Press: ? - help, Shift-Dir - straight line, f - gnoll bouda
Aim: a gnoll bouda, wielding a +2 whip of draining and wearing a +0 leather armour (chance to affect: 50%)
The gnoll bouda resists with significant effort.
The gnoll hits you from afar with a +0 halberd!
You die...

Skill      XL: |  1  2  3  4  5  6  7  8 |
---------------+-------------------------+-----
Short Blades   | 1 2 3 4 |  4.7
Stealth        | 3 4 |  4.6
Ice Magic      | 1 2 |  2.8
Hexes          | 4 5 6 |  6.0
Spellcasting   | 3 |  3.8
Dodging        | |  1.7

Action                     |  1- 3 |  4- 6 |  7- 9 || total
---------------------------+-------+-------+-------++-------
  Melee: Dagger            |    59 |   124 |   192 ||   375
         Punch             |     1 |       |     1 ||     2
   Cast: Ensorcelled Hiber |    10 |    19 |    25 ||    54
         Confusing Touch   |       |     2 |     1 ||     3
    Use: Scroll            |     2 |     8 |     4 ||    14
         Potion            |       |       |     1 ||     1
   Stab: Sleeping          |     9 |    22 |    19 ||    50
         Confused          |       |     1 |       ||     1
 Armour: Robe              |    28 |    56 |   135 ||   219
  Dodge: Dodged            |    31 |    58 |   119 ||   208

Levels and vault maps discovered:
D:1:      moated_graveyard_arrival, layout_basic,
          chequers_ecumenical_altar_simple_redux, moated_statue
D:2:      layout_loops_ring
D:3:      layout_basic, mainiacjoe_overflow_concentric_impassable, uniq_grinder
D:4:      layout_basic, nicolae_elyvilon_peaceful_grove,
          hangedman_abyss_or_decor_lesser_grid, nicolae_shop_unique_rings,
          grunt_tough_drop
D:5:      layout_rooms, lemuel_round_altar, gup_sewer_entry_bowl

Notes
Turn   | Place    | Note
-------+----------+-------------------------------------------
     0 | D:1      | kae the Demonspawn Enchanter began the quest for the Orb.
     0 | D:1      | Reached XP level 1. HP: 13/13 MP: 3/3
     0 | D:1      | magus.rc [v1.11.3]
    39 | D:1      | HP: 3/13 [frilled lizard (2)]
    42 | D:1      | Reached skill level 1 in Short Blades
   142 | D:1      | Found a faded altar of an unknown god.
   423 | D:1      | Gained mutation: You have sharp fingernails. [demonic
                  | ancestry]
   423 | D:1      | Reached XP level 2. HP: 10/19 MP: 5/5
   426 | D:1      | Learned a level 2 spell: Ensorcelled Hibernation
  1108 | D:2      | Reached XP level 3. HP: 9/24 MP: 3/6
  1182 | D:2      | Reached skill level 3 in Stealth
  1248 | D:2      | Learned a level 3 spell: Confusing Touch
  1334 | D:2      | Reached skill level 2 in Short Blades
  1370 | D:2      | Gained mutation: You regenerate magic rapidly. [demonic
                  | ancestry]
  1370 | D:2      | Reached XP level 4. HP: 30/30 MP: 3/7
  2016 | D:3      | Found a bloodstained altar of Trog.
  2033 | D:3      | Noticed Grinder
  2817 | D:3      | Reached skill level 1 in Ice Magic
  2957 | D:3      | Reached skill level 4 in Hexes
  2957 | D:3      | Gained mutation: You are partially covered in molten
                  | scales. (AC +2) [demonic ancestry]
  2957 | D:3      | Reached XP level 5. HP: 35/35 MP: 5/8
  3093 | D:3      | Paralysed by Grinder for 2 turns
  3100 | D:3      | Killed Grinder
  3101 | D:3      | Reached skill level 3 in Short Blades
  3101 | D:3      | Gained mutation: You are mostly covered in molten scales.
                  | (AC +3) [demonic ancestry]
  3101 | D:3      | Reached XP level 6. HP: 24/41 MP: 7/10
  3391 | D:3      | Learned a level 3 spell: Tukima's Dance
  3535 | D:4      | Reached skill level 3 in Spellcasting
  3728 | D:4      | Found Vatsups's One-of-a-Kind Rings.
  3905 | D:4      | Reached skill level 2 in Ice Magic
  3905 | D:4      | Gained mutation: You have very sharp fingernails. [demonic
                  | ancestry]
  3905 | D:4      | Reached XP level 7. HP: 46/46 MP: 8/11
  3920 | D:4      | Reached skill level 4 in Stealth
  3920 | D:4      | Reached skill level 5 in Hexes
  4106 | D:4      | Learned a level 3 spell: Dazzling Flash
  4219 | D:5      | Entered Level 5 of the Dungeon
  4277 | D:5      | Found a stormy altar of Qazlal.
  4284 | D:5      | Reached skill level 4 in Short Blades
  4349 | D:5      | HP: 10/46 [gnoll/+0 spear[a gnoll bouda] (4)]
  4460 | D:5      | Found a glowing drain.
  4464 | Sewer    | Entered a sewer
  4885 | Sewer    | Reached XP level 8. HP: 40/52 MP: 13/13
  5437 | D:5      | Reached skill level 6 in Hexes
  5440 | D:5      | HP: 12/48 [gnoll bouda/+2 whip of draining (5)]
  5441 | D:5      | Slain by a gnoll

Vanquished Creatures
  Grinder (D:3)
  A centaur (D:5)
  2 kobold brigands (Sewer)
  A scorpion (D:5)
  4 killer bees (D:4)
  A howler monkey (D:5)
  2 orc priests
  3 hounds
  An orc wizard (D:5)
  8 adders
  5 gnolls
  8 river rats (Sewer)
  2 white imps
  A worm (D:4)
  3 dart slugs
  7 orcs
  8 endoplasms
  4 giant cockroaches
  5 goblins
  2 hobgoblins
  A jackal (D:4)
  16 kobolds
  7 quokkas
  13 ball pythons
  4 bats
  A frilled lizard (D:1)
  20 rats
131 creatures vanquished.

Vanquished Creatures (others)
  A butterfly (D:4)
1 creature vanquished.

Grand Total: 132 creatures vanquished

Table legend:
 A = Non-vault XP
 B = Vault XP
 C = Vault XP percentage of total XP
 D = Non-vault monster count
 E = Vault monster count
 F = Vault count percentage of total count
                 A         B        C        D         E       F
            +---------+---------+-------+---------+---------+-------
      Total |     981 |     672 |  40.7 |      80 |      51 |  38.9
            +---------+---------+-------+---------+---------+-------
        D:1 |      20 |       0 |   0.0 |      14 |       0 |   0.0
        D:2 |      86 |       0 |   0.0 |      13 |       0 |   0.0
        D:3 |     118 |     272 |  69.7 |      22 |       1 |   4.3
        D:4 |     359 |      51 |  12.4 |      20 |       4 |  16.7
        D:5 |     398 |       7 |   1.7 |      11 |       4 |  26.7
      Sewer |       0 |     342 | 100.0 |       0 |      42 | 100.0
            +---------+---------+-------+---------+---------+-------

Skill      XL: |  1  2  3  4  5  6  7  8 |
---------------+-------------------------+-----
Short Blades   | 1 2 3 4 |  4.7
Stealth        | 3 4 |  4.6
Ice Magic      | 1 2 |  2.8
Hexes          | 4 5 6 |  6.0
Spellcasting   | 3 |  3.8
Dodging        | |  1.7

Action                     |  1- 3 |  4- 6 |  7- 9 || total
---------------------------+-------+-------+-------++-------
  Melee: Dagger            |    59 |   124 |   192 ||   375
         Punch             |     1 |       |     1 ||     2
   Cast: Ensorcelled Hiber |    10 |    19 |    25 ||    54
         Confusing Touch   |       |     2 |     1 ||     3
    Use: Scroll            |     2 |     8 |     4 ||    14
         Potion            |       |       |     1 ||     1
   Stab: Sleeping          |     9 |    22 |    19 ||    50
         Confused          |       |     1 |       ||     1
 Armour: Robe              |    28 |    56 |   135 ||   219
  Dodge: Dodged            |    31 |    58 |   119 ||   208

Illustrated notes

Table legend:
 A = Kills in this place as a percentage of kills in the entire game.
 B = Kills by you in this place as a percentage of kills by you in the entire game.
 C = Kills by friends in this place as a percentage of kills by friends in the entire game.
 D = Other kills in this place as a percentage of other kills in the entire game.
 E = Experience gained in this place as a percentage of experience gained in the entire game.
 F = Experience gained in this place divided by the number of levels of this place that you have seen.
                   A       B       C       D       E      F
               +-------+-------+-------+-------+-------+----------------------
         Total | 100.0 | 100.0 |   N/A | 100.0 | 100.0 | 275.5
       Dungeon |  67.9 |  67.7 |   N/A | 100.0 |  79.3 | 262.2
         Sewer |  32.1 |  32.3 |   N/A |   0.0 |  20.7 | 342.0
               +-------+-------+-------+-------+-------+----------------------

Table legend: (Time is in decaauts)
 A = Elapsed time spent in this place.
 B = Non-inter-level travel time spent in this place.
 C = Inter-level travel time spent in this place.
 D = Time resting spent in this place.
 E = Time spent auto-exploring this place.
 F = Levels seen in this place.
 G = Mean time per level.
                   A        B        C        D        E       F      G
               +--------+--------+--------+--------+--------+-----+--------+
         Total |   5409 |   5287 |    122 |    344 |   3826 |   6 |  901.5 |
       Dungeon |   4502 |   4380 |    122 |    283 |   3206 |   5 |  900.4 |
         Sewer |    907 |    907 |      0 |     61 |    620 |   1 |  907.0 |
               +--------+--------+--------+--------+--------+-----+--------+

Top non-repeatable levels by time:
     D:3: 1541 daAuts
     D:1: 941 daAuts
     D:2: 920 daAuts
   Sewer: 907 daAuts
     D:4: 791 daAuts
     D:5: 307 daAuts
